 Seeded DCSS version 0.29.1-15-g9cfb28693d (webtiles) character file.

Game seed: 6786116708774782542 (custom seed)

3108 bmack86 the Cleaver (level 9, 0/79 HPs)
             Began as a Minotaur Fighter on Mar 11, 2023.
             Was a Follower of Okawaru.
             Slain by a troll (12 damage)
             ... on level 8 of the Dungeon.
             The game lasted 00:18:03 (7406 turns).

bmack86 the Cleaver (Minotaur Fighter)              Turns: 7406, Time: 00:18:04

Health: 0/79       AC: 30    Str: 26    XL:     9   Next: 60%
Magic:  8/9        EV:  7    Int:  5    God:    Okawaru [*.....]
Gold:   474        SH:  6    Dex: 15    Spells: 8/8 levels left

rFire   . . .      SeeInvis .   a - +1 war axe
rCold   . . .      Faith    +   c - +0 buckler
rNeg    . . .      Spirit   .   s - +15 Maxwell's patent armour {-Cast -Tele rElec Will+ rCorr}
rPois   +          Reflect  .   t - +1 hat
rElec   +          Harm     .   q - +0 cloak
rCorr   +          Rampage  .   (no gloves)
Will    +....      NoTele   +   (no boots)
Stlth   .......... NoCast   +   y - amulet of faith
HPRegen 0.23/turn               g - +6 ring of dexterity
MPRegen 0.11/turn               o - ring of poison resistance

@: no status effects
A: horns 2, retaliatory headbutt
a: Renounce Religion, Heroism


You were on level 8 of the Dungeon.
You worshipped Okawaru.
Okawaru was aware of your devotion.
You visited 2 branches of the dungeon, and saw 9 of its levels.

You collected 474 gold pieces.

Inventory:

Hand Weapons
 a - a +1 war axe (weapon)
 B - the +7 hand axe of Fixation {vorpal, Fragile rF+++ Str-4 SInv}
   (You found it on level 6 of the Dungeon)

   It inflicts extra damage upon your enemies.
   Str:       It affects your strength (-4).
   rF:        It renders you almost immune to fire.
   SInv:      It lets you see invisible.
   Fragile:   It will be destroyed if unequipped.
Missiles
 p - 8 poisoned darts (quivered)
Armour
 c - a +0 buckler (worn)
 q - a +0 cloak (worn)
 s - the +15 Maxwell's patent armour (worn) {-Cast -Tele rElec Will+ rCorr}
   (You found it on level 3 of the Dungeon)

   rElec:     It insulates you from electricity.
   -Cast:     It prevents spellcasting.
   -Tele:     It prevents most forms of teleportation.
   rCorr:     It protects you from acid and corrosion.
   Will:      It increases your willpower.
 t - a +1 hat (worn)
Jewellery
 g - a +6 ring of dexterity (left hand)
 m - a ring of fire
 o - a ring of poison resistance (right hand)
 y - an amulet of faith (around neck)
Wands
 E - a wand of paralysis (3)
Scrolls
 e - a scroll of fog
 f - a scroll of amnesia
 i - 5 scrolls of teleportation
 u - a scroll of fear
Potions
 b - a potion of ambrosia {unknown}
 d - 3 potions of might
 h - 3 potions of haste
 k - 5 potions of curing
 l - 2 potions of resistance
 n - 2 potions of mutation
 r - 3 potions of attraction
 x - a potion of cancellation
 z - a potion of lignification


   Skills:
 + Level 7.5 Fighting
 * Level 9.6 Axes
 + Level 4.9 Throwing
 + Level 7.4 Armour
 + Level 7.5 Shields
 + Level 2.1 Invocations


You had 8 spell levels left.
You didn't know any spells.
Your spell library contained the following spells:

 Spells                   Type           Power      Damage    Failure   Level
 Magic Dart               Conj           0%         1d3       100%        1
 Ensorcelled Hibernation  Hex/Ice        0%         N/A       100%        2
 Frozen Ramparts          Ice            0%         1d1       100%        3
 Mephitic Cloud           Conj/Pois/Air  0%         N/A       100%        3
 Airstrike                Air            0%         2d(0-16)  100%        4
 Chain Lightning          Conj/Air       0%         N/A       100%        9
 Fire Storm               Conj/Fire      0%         5d1       100%        9
 Shatter                  Erth           0%         3d5*      100%        9
 Call Imp                 Summ           Unusable   N/A       N/A         2

Dungeon Overview and Level Annotations

Branches:
Dungeon (8/15)             Temple (1/1) D:7
   Lair: D:8-11

Altars:
Ashenzari
Cheibriados
Dithmenos
Elyvilon
Fedhas
Gozag
Kikubaaqudgha
Makhleb
Okawaru
Ru
Sif Muna
Trog
Uskayaw
Vehumet
Wu Jian
Xom
Yredelemnul
Zin
The Shining One

Shops:
D:7 (

Annotations:
D:8 exclusion: statue
Temple 2 transporters


Innate Abilities, Weirdness & Mutations

You have a pair of horns on your head.
You reflexively headbutt those who attack you in melee.


Message History

You headbutt the water moccasin!
You kill the water moccasin!
Okawaru accepts your kill.
Your Invocations skill increases to level 2!
The kobold brigand hits you but does no damage.
The troll bites you! The troll claws you but does no damage.
The troll claws you!
* * * LOW HITPOINT WARNING * * *
There is an open door, spattered with blood here.
Items here: )) [ †.
You hit the kobold brigand. You headbutt the kobold brigand.
The kobold brigand is lightly wounded.
You closely miss the troll. The kobold brigand closely misses you.
The troll bites you but does no damage. You block the troll's attack.
The troll claws you but does no damage.
You closely miss the kobold brigand. You headbutt the kobold brigand!
The kobold brigand is severely wounded.
You barely miss the troll. The troll barely misses you.
You furiously retaliate!
You headbutt the troll. You block the troll's attack.
The troll barely misses you. The kobold brigand closely misses you.
You slash the kobold brigand!
You kill the kobold brigand!
Okawaru accepts your kill.
You hit the troll.
You feel like a meek peon again. The troll bites you.
* * * LOW HITPOINT WARNING * * *
The troll claws you.
* * * LOW HITPOINT WARNING * * *
The troll barely misses you.
You hit the wight.
The wight is lightly damaged.
You hit the troll. You block the troll's attack.
The troll claws you but does no damage. The troll claws you.
* * * LOW HITPOINT WARNING * * *
The wight hits you but does no damage.
You hit the wight.
The wight is heavily damaged.
You closely miss the troll. The troll bites you!
You die...

#......## ##....'....)..#.
#...)..# +....#....#..#.
########+....# #..+##....##'#.
..........#### #...............
.........## #####...........
.........# +)=.##..........
.........# .....#..........
##.......## ###T[.?.#..).......
+........####.@zo..!#..........
#.............##...##.......†..
###+##+##......#####.#######'##
#............#.......?.
#.........#..+.........
#..>......# #.........
#.........# #.........
#.........# ##.###.##.
########### ##.###+###


You could see a troll, a wight and an orc priest.

Vanquished Creatures
  Prince Ribbit (D:7)
  Menkaure (D:7)
  3 water moccasins
  Duvessa (D:6)
  2 ice beasts
  An orc warrior (D:8)
  A sky beast (D:7)
  A black bear (D:4)
  4 ogres
  A centaur (D:5)
  2 phantoms
  A kobold brigand (D:8)
  A gnoll sergeant (D:5)
  2 necrophages
  A scorpion (D:7)
  Dowan (D:6)
  4 killer bees (D:6)
  2 howler monkeys (D:5)
  4 hounds
  2 jellies
  2 gnoll boudas (D:7)
  3 orc priests
  2 iguanas
  Natasha (D:3)
  3 orc wizards
  14 gnolls
  3 adders
  A shadow imp (D:6)
  An ufetubus (D:5)
  3 worms
  2 dart slugs
  13 orcs
  4 ball pythons
  6 endoplasms
  A giant cockroach (D:1)
  2 goblins (D:4)
  9 hobgoblins
  7 jackals
  3 quokkas
  5 bats
  5 frilled lizards
  4 kobolds
  6 rats (D:1)
  2 bushes (D:3)
138 creatures vanquished.

Vanquished Creatures (others)
  6 plants (D:3)
6 creatures vanquished.

Grand Total: 144 creatures vanquished

Notes
Turn   | Place    | Note
-------+----------+-------------------------------------------
     0 | D:1      | bmack86 the Minotaur Fighter began the quest for the Orb.
     0 | D:1      | Reached XP level 1. HP: 19/19 MP: 0/0
   589 | D:1      | Reached XP level 2. HP: 25/27 MP: 1/1
   691 | D:1      | Reached skill level 3 in Axes
   719 | D:1      | You fall into a shaft and drop 1 floor!
   720 | D:2      | Found a faded altar of an unknown god.
  1361 | D:2      | Reached XP level 3. HP: 33/33 MP: 2/2
  2171 | D:3      | Found the +15 Maxwell's patent armour {-Cast -Tele rElec
                  | Will+ rCorr}
  2402 | D:3      | Got Doraubre's Grimoire of Lightning and Glaciation
  2497 | D:3      | Identified the +7 spear "Viwiemi" {vorpal, Dex+4}
  2751 | D:3      | Reached XP level 4. HP: 40/40 MP: 3/3
  2858 | D:3      | Noticed Natasha
  2865 | D:3      | Killed Natasha
  2866 | D:3      | Reached skill level 4 in Axes
  3241 | D:4      | Noticed a water moccasin
  3251 | D:4      | Killed a water moccasin
  3252 | D:4      | Reached skill level 1 in Throwing
  3252 | D:4      | Reached XP level 5. HP: 47/47 MP: 4/4
  3275 | D:4      | Noticed a black bear
  3284 | D:4      | Killed a black bear
  3285 | D:4      | Reached skill level 5 in Axes
  3285 | D:4      | Reached XP level 6. HP: 55/55 MP: 5/5
  3460 | D:4      | Reached skill level 5 in Fighting
  3460 | D:4      | Reached skill level 5 in Armour
  3460 | D:4      | Reached skill level 5 in Shields
  3809 | D:4      | Reached XP level 7. HP: 43/61 MP: 6/6
  3953 | D:5      | Entered Level 5 of the Dungeon
  4090 | D:5      | Reached skill level 6 in Axes
  4247 | D:5      | Found a burning altar of Makhleb.
  4253 | D:5      | Noticed an Executioner
  4725 | D:5      | Reached XP level 8. HP: 64/70 MP: 7/7
  4943 | D:6      | Reached skill level 7 in Axes
  5062 | D:6      | Identified the +7 hand axe of Fixation {vorpal, Fragile
                  | rF+++ Str-4 SInv}
  5475 | D:6      | Noticed Dowan
  5475 | D:6      | Noticed Duvessa
  5486 | D:6      | Killed Dowan
  5487 | D:6      | Reached skill level 8 in Axes
  5499 | D:6      | Killed Duvessa
  6206 | D:7      | Reached XP level 9. HP: 68/78 MP: 8/8
  6248 | D:7      | Found a staircase to the Ecumenical Temple.
  6261 | Temple   | Entered the Ecumenical Temple
  6261 | Temple   | Found a transporter.
  6261 | Temple   | Found a transporter.
  6263 | Temple   | Found a transporter.
  6263 | Temple   | Found a transporter.
  6274 | Temple   | Became a worshipper of Warmaster Okawaru
  6359 | D:7      | Noticed Prince Ribbit
  6382 | D:7      | Killed Prince Ribbit
  6559 | D:7      | Reached skill level 9 in Axes
  6569 | D:7      | Found Biur's Weapon Boutique.
  6734 | D:7      | Reached skill level 1 in Invocations
  6736 | D:7      | Noticed Menkaure
  6741 | D:7      | Killed Menkaure
  6745 | D:7      | Reached * piety under Okawaru
  7162 | D:8      | Found a radiant altar of Vehumet.
  7380 | D:8      | Noticed a troll
  7406 | D:8      | Slain by a troll

Illustrated notes

Levels and vault maps discovered:
D:1:      moated_graveyard_arrival, layout_basic, serial_corexii_hall,
          corexii_hall_statues_t, chequers_hall_statues_wall_a,
          chequers_hall_statues_wall_a, corexii_hall_statues_l,
          chequers_hall_statues_y, corexii_hall_statues_s, nicolae_wormholes
D:2:      layout_loops_corners, nicolae_ecumenical_pavilion,
          grunt_ministairs_11, dreamdust_princess_corridor
D:3:      layout_basic, serial_forest, infiniplex_forest_clump_cross,
          infiniplex_forest_clump_double, infiniplex_forest_lined_3,
          infiniplex_forest_lined_room_2, infiniplex_forest_lined_3,
          infiniplex_forest_end_3, infiniplex_forest_diagonal,
          infiniplex_forest_lined_1, infiniplex_forest_corner_2, uniq_natasha
D:4:      layout_loops_cross
D:5:      layout_loops_cross, makhleb_altar_promises_db,
          corexii_leaking_fountain
D:6:      layout_basic, dk_rats_in_the_wall, uniq_duvessa
D:7:      layout_loops_ring, minmay_temple_entry_fiery, serial_shops,
          nicolae_inconvenience_store, uniq_prince_ribbit1, uniq_menkaure
D:8:      layout_gridville, vehumet_statue, minmay_joined_circles
Temple:   hellmonk_temple_divided_pantheon

Skill      XL: |  1  2  3  4  5  6  7  8  9 |
---------------+----------------------------+-----
Axes           | 3 4 5 6 8 9 |  9.6
Shields        | 4 5 6 7 |  7.5
Armour         | 4 5 6 7 |  7.4
Fighting       | 4 5 6 7 |  7.5
Throwing       | 1 2 3 4 |  4.9
Invocations    | 2 |  2.1

Action                   |  1- 3 |  4- 6 |  7- 9 || total
-------------------------+-------+-------+-------++-------
Melee: War axe           |    95 |   180 |   239 ||   514
       Headbutt          |    17 |    52 |    48 ||   117
Invok: Heroism           |       |       |     1 ||     1
  Use: Scroll            |     6 |       |    11 ||    17
Armor: Scale mail        |    45 |       |       ||    45
       Plate armour      |    29 |    61 |   183 ||   273
Dodge: Dodged            |    69 |    22 |    84 ||   175
Block: Buckler           |    30 |    23 |    67 ||   120
